 Dungeon Crawl Stone Soup version 0.27-a0-931-g5a74e75d8f (webtiles) character file.

Game seed: 8356520702911035923

96 mhtbhm the Digger (level 4, 0/24 HPs)
             Began as a Gargoyle Earth Elementalist on Apr 10, 2021.
             Slain by an orc priest
             ... wielding a +0 hand axe
              (10 damage)
             ... on level 2 of the Dungeon.
             The game lasted 00:03:40 (3305 turns).

mhtbhm the Digger (Gargoyle Earth Elementalist)     Turns: 3305, Time: 00:03:41

Health: 0/24       AC:  5    Str: 11    XL:     4   Next: 67%
Magic:  4/7        EV: 12    Int: 17    God:
Gold:   100        SH:  0    Dex: 10    Spells: 1/7 levels left

rFire    . . .     SeeInvis .   a - staff of conjuration
rCold    . . .     Faith    .   (no shield)
rNeg     + . .     Spirit   .   c - +0 robe
rPois    ∞         Reflect  .   (no helmet)
rElec    +         Harm     .   (no cloak)
rCorr    .         Rampage  .   (no gloves)
Will     .....                  (no boots)
Stlth    ++........             (no amulet)
HPRegen  0.08/turn              (no ring)
MPRegen  0.10/turn              (no ring)

@: no status effects
A: AC +3, negative energy resistance 1, electricity resistance, torment
resistance 1, unbreathing 1, petrification resistance
a: no special abilities


You were on level 2 of the Dungeon.
You visited 1 branch of the dungeon, and saw 2 of its levels.

You collected 100 gold pieces.

Inventory:

Missiles
 b - 82 stones (quivered)
Armour
 c - a +0 robe (worn)
Magical Staves
 a - a staff of conjuration (weapon)
Scrolls
 d - a scroll of noise {unknown}


   Skills:
 + Level 0.4 Fighting
 + Level 1.1 Maces & Flails
 + Level 2.5 Dodging
 + Level 2.8 Stealth
 + Level 2.4 Spellcasting
 + Level 0.7 Transmutations
 + Level 4.4 Earth Magic


You had one spell level left.
You knew the following spells:

 Your Spells              Type           Power      Damage    Failure   Level
a - Sandblast             Erth           34%        2d9       3%          1
b - Passwall              Tmut/Erth      8%         N/A       10%         2
c - Stone Arrow           Conj/Erth      28%        3d8       22%         3

Your spell library contained the following spells:

 Spells                   Type           Power      Damage    Failure   Level
 Magic Dart               Conj           12%        1d3       19%         1
 Blink                    Tloc           N/A        N/A       28%         2
 Call Imp                 Summ           2%         N/A       28%         2
 Slow                     Hex            2%         N/A       28%         2
 Conjure Flame            Conj/Fire      3%         6-21      50%         3
 Mephitic Cloud           Conj/Pois/Air  3%         N/A       50%         3
 Petrify                  Tmut/Erth      10%        N/A       54%         4
 Lee's Rapid Deconstruct  Erth           8%         3d8*      63%         5


Dungeon Overview and Level Annotations

Branches:
Dungeon (2/15)

Altars:


Innate Abilities, Weirdness & Mutations

Your stone body is resilient. (AC +3)
You are immune to poison.
You resist negative energy. (rN+)
You are resistant to electric shocks. (rElec)
You are resistant to unholy torment.
You can survive without breathing.
You are immune to petrification.


Message History

The blast of sand hits the orc wizard!
The orc wizard is heavily wounded.
b - 84 stones The orc wizard hits you with a +0 dagger.
Casting: Sandblast (safe; 3% risk of failure)
Confirm with . or Enter, or press ? or * to list all spells.
Aiming: Sandblast (safe; 3% risk of failure)
Press: ? - help, Shift-Dir - straight line, f/p - orc wizard
Aim: an orc wizard, wielding a +0 dagger and wearing a +0 robe (heavily wounded, 26% to evade)
The blast of sand hits the orc wizard.
The orc wizard is severely wounded.
b - 83 stones The orc priest hits the orc wizard with a +0 hand axe.
The orc wizard hits you with a +0 dagger.
* * * LOW HITPOINT WARNING * * *
The orc priest hits the orc wizard but does no damage.
Unknown command.
Casting: Sandblast (safe; 3% risk of failure)
Confirm with . or Enter, or press ? or * to list all spells.
Aiming: Sandblast (safe; 3% risk of failure)
Press: ? - help, Shift-Dir - straight line, f/p - orc wizard
Aim: an orc wizard, wielding a +0 dagger and wearing a +0 robe (almost dead, 26% to evade)
The blast of sand hits the orc wizard.
You kill the orc wizard!
b - 82 stones The orc priest barely misses you.
Your Maces & Flails skill increases to level 1!
Press: ? - help, v - describe, . - travel
Here: an orc priest, wielding a +0 hand axe and wearing a +0 ring mail (fast, strong, frenzied and insane)
The floor.
It was a potion of curing.
You feel better.
The orc priest hits you with a +0 hand axe!
The orc priest shouts!
The orc priest hits you with a +0 hand axe.
* * * LOW HITPOINT WARNING * * *
You feel better.
The orc priest hits you with a +0 hand axe.
The orc priest closely misses you.
The orc priest hits you with a +0 hand axe!
You die...

*,* #.##.# #### *,* #.##.# *,*
#.##.# *,*
*############.##.########
#**,*****........................
.,,,,,,,,.#######..>.....#.......
#**,******* #.###.#.......... #
*,* ###.###..#.#.....)† # *,*
#.@..>#............ #
*,###########o###.##.#.#....... #
*,.)((..).....# #..##..........
#***###########.###†.............
,,,* #.....####.##.##### **,*
###.### #.##.# *,* #.# #.##.# *,*
#.######.##.#
*,*************#........##.#


You could see a neutral orc priest (fast, strong, insane).

Vanquished Creatures
  An orc wizard (D:2)
  An adder (D:2)
  A worm (D:2)
  2 dart slugs (D:2)
  3 endoplasms
  A giant cockroach (D:2)
  4 hobgoblins
  13 jackals
  4 ball pythons
  8 bats
  A frilled lizard (D:1)
  5 goblins
  4 kobolds
  5 rats
53 creatures vanquished.

Vanquished Creatures (collateral kills)
  An orc (D:2)
1 creature vanquished.

Grand Total: 54 creatures vanquished

Notes
Turn   | Place    | Note
-------+----------+-------------------------------------------
     0 | D:1      | mhtbhm the Gargoyle Earth Elementalist began the quest for
                  | the Orb.
     0 | D:1      | Reached XP level 1. HP: 10/10 MP: 3/3
   336 | D:1      | Reached XP level 2. HP: 15/15 MP: 5/5
   347 | D:1      | Reached skill level 4 in Earth Magic
   891 | D:1      | Learned a level 2 spell: Passwall
  1382 | D:1      | Reached XP level 3. HP: 18/19 MP: 6/6
  1502 | D:1      | Learned a level 3 spell: Stone Arrow
  1725 | D:1      | Found a faded altar of an unknown god.
  2982 | D:2      | Reached XP level 4. HP: 20/24 MP: 7/7
  3299 | D:2      | Reached skill level 1 in Maces & Flails
  3305 | D:2      | Slain by an orc priest

Illustrated notes

Levels and vault maps discovered:
D:1:      roderic_octagonal_star, layout_loops_corners, basic_ecumenical_altar,
          minmay_misc_feat_rows
D:2:      layout_loops_ring

Skill      XL: |  1  2  3  4 |
---------------+-------------+-----
Earth Magic    | 4 |  4.4
Dodging        | 2 |  2.5
Maces & Flails | 1 |  1.1
Fighting       | |  0.4
Stealth        | |  2.8
Spellcasting   | |  2.4
Transmutations | |  0.7

Action                   |  1- 3 |  4- 6 || total
-------------------------+-------+-------++-------
Melee: Whip              |   158 |    17 ||   175
       Staff             |       |     4 ||     4
Throw: Dart              |       |     2 ||     2
 Cast: Sandblast         |    27 |     5 ||    32
       Stone Arrow       |       |     1 ||     1
  Use: Scroll            |     2 |       ||     2
       Potion            |       |     2 ||     2
 Stab: Sleeping          |     4 |       ||     4
Armor: Robe              |    88 |     4 ||    92
Dodge: Dodged            |   173 |    17 ||   190

Table legend: (Time is in decaauts)
 A = Elapsed time spent in this place.
 B = Non-inter-level travel time spent in this place.
 C = Inter-level travel time spent in this place.
 D = Time resting spent in this place.
 E = Time spent auto-exploring this place.
 F = Levels seen in this place.
 G = Mean time per level.
                   A        B        C        D        E       F      G
               +--------+--------+--------+--------+--------+-----+--------+
         Total |   3318 |   3293 |     25 |   1080 |   1637 |   2 | 1659.0 |
       Dungeon |   3318 |   3293 |     25 |   1080 |   1637 |   2 | 1659.0 |
               +--------+--------+--------+--------+--------+-----+--------+

Top non-repeatable levels by time:
     D:1: 2066 daAuts
     D:2: 1251 daAuts
